 Dungeon Crawl Stone Soup version 0.17.1-3-g152610e (webtiles) character file.

18797 Romlok the Carver (level 12, -27/56 HPs)
             Began as a Vine Stalker Necromancer on Apr 22, 2016.
             Was the Champion of Okawaru.
             Hit by a large rock thrown by a cyclops (41 damage)
             ... on level 13 of the Dungeon on Apr 23, 2016.
             The game lasted 03:32:08 (12578 turns).

Romlok the Carver (Vine Stalker Necromancer)       Turns: 12578, Time: 03:32:08

Health: -27/56     AC:  9    Str: 11    XL:     12   Next: 62%
Magic:  0/19       EV: 19    Int: 15    God:    Okawaru [******]
Gold:   344        SH:  6    Dex: 20    Spells: 5 memorised, 7 levels left

rFire  + . .     SeeInvis .     b - +2 short sword (venom)
rCold  . . .     Clarity  .     j - +1 robe
rNeg   . . .     SustAt   .     y - +0 buckler
rPois  .         Gourm    .     (no helmet)
rElec  .         Spirit   +     (no cloak)
rCorr  .         Warding  .     r - +2 pair of gloves {archery}
rMut   .         Stasis   .     V - +2 pair of boots {run}
MR     ++...                    L - amulet of regeneration
Stlth  ++........               E - ring "Yqowiy" {+Fly rF+}
                                x - ring of protection from magic

@: quick, very resistant to hostile enchantments, unstealthy
A: fangs 3, regeneration 3, magic shield, antimagic bite, no device heal 3, rot
immunity
a: Heroism, Finesse, Renounce Religion, Evoke Flight


You were on level 13 of the Dungeon.
You worshipped Okawaru.
Okawaru was exalted by your worship.
You were not hungry.

You visited 2 branches of the dungeon, and saw 14 of its levels.
You also visited: Sewer.

You collected 758 gold pieces.
You spent 414 gold pieces at shops.

Inventory:

Hand Weapons
 a - a +0 falchion of flaming
 b - a +2 short sword of venom (weapon)
 e - a +0 dagger of speed
 v - a +1 mace of holy wrath
 D - a +2 spear of venom
 R - a +0 dagger of venom
Missiles
 d - 5 tomahawks of returning (quivered)
 u - 3 tomahawks
 S - 6 exploding tomahawks
Armour
 j - a +1 robe (worn)
 r - a +2 pair of gloves of archery (worn)
 y - a +0 buckler (worn)
 C - a +2 scale mail of fire resistance
 V - a +2 pair of boots of running (worn)
Jewellery
 k - an uncursed amulet of the gourmand
 m - a +2 ring of evasion
 x - a ring of protection from magic (left hand)
 E - the ring "Yqowiy" (right hand) {+Fly rF+}
   (You found it on level 7 of the Dungeon)

   [ring of flight]

   It protects you from fire.
   It lets you fly.
 K - an uncursed ring of ice
 L - an amulet of regeneration (around neck)
Wands
 q - a wand of digging (15)
 A - a wand of invisibility (4)
 O - a wand of slowing (16)
 P - a wand of hasting (5)
Scrolls
 g - 7 scrolls of teleportation
 i - a scroll of vulnerability {unknown}
 l - a scroll of acquirement {unknown}
 n - 9 scrolls of remove curse
 t - 6 scrolls of identify
 F - 3 scrolls of magic mapping
 J - 2 scrolls of fear
Potions
 h - a potion of curing
 o - 3 potions of haste
 s - a potion of might
 N - a potion of resistance
Books
 B - a book of Necromancy

   Spells                             Type                      Level
   a - Pain                           Necromancy                   1
   b - Animate Skeleton               Necromancy                   1
   c - Vampiric Draining              Necromancy                   3
   d - Regeneration                   Charms/Necromancy            3
   e - Animate Dead                   Necromancy                   4
   f - Control Undead                 Necromancy                   4
Comestibles
 c - 2 bread rations
 f - a beef jerky
 p - 13 chunks of flesh
 w - a meat ration
 X - 35 fruits


   Skills:
 - Level 3.1 Fighting
 * Level 12.6 Long Blades
 + Level 8.0 Dodging
 - Level 2.4 Stealth
 - Level 7.0 Shields
 - Level 4.2 Spellcasting
 - Level 7.0 Necromancy
 + Level 4.0 Invocations


You had 7 spell levels left.
You knew the following spells:

 Your Spells              Type           Power        Failure   Level  Hunger
a - Pain                  Necr           ###.         1%          1    None
b - Animate Skeleton      Necr           N/A          1%          1    None
c - Control Undead        Necr           ###.......   12%         4    ####...
d - Vampiric Draining     Necr           ###.......   2%          3    ###....
r - Regeneration          Chrm/Necr      ##........   14%         3    ###....


Dungeon Overview and Level Annotations

Branches:
Dungeon (13/15)            Temple (1/1) D:5            Lair (0/8) D:9
    Orc (0/4) D:11
 Vaults: D:13-14

Altars:
Ashenzari
Cheibriados
Dithmenos
Elyvilon
Fedhas
Gozag
Kikubaaqudgha
Makhleb
Nemelex Xobeh
Okawaru
Qazlal
Ru
Sif Muna
Trog
Vehumet
Xom
Yredelemnul
Zin
The Shining One

Shops:
D:7 **   D:8 =   D:9 [   D:11 [

Annotations:
D:3 SaintRoka's ghost, weakling NaAK
D:5 Grinder
D:6 SaintRoka's ghost, novice VSTm
D:10 Peloso's ghost, novice MiFi


Innate Abilities, Weirdness & Mutations

You have razor-sharp teeth.
You regenerate.
When hurt, damage is shared between your health and your magic reserves.
Your bite disrupts and absorbs the magic of your enemies.
Potions and wands cannot restore your health.
You are immune to rotting.


Message History

The cyclops throws a large rock.
The large rock hits you!
You see here a large rock.
The cyclops throws a large rock.
The large rock hits you!!
Some of the chunks of flesh in your inventory have rotted away.
You see here a large rock.
A shadow comes into view.
The cyclops throws a large rock.
The large rock barely misses you.
The large rock hits your troll skeleton!
You see here 19 gold pieces.
You barely miss the cyclops.
The shadow slips into darkness.
The shadow flickers and vanishes!
Deactivating autopickup; reactivate with Ctrl-A.
The cyclops hits you!!
* * * LOW HITPOINT WARNING * * *
You swap places.
Your troll skeleton crumbles into dust!
The cyclops throws a large rock.
The large rock hits you!!!
Ouch! That really hurt!
You die...

##########################
..........=ZZ.ZZ@.$C......
####.......##########.####
#.......# #.......#
#.......# #.......#
#.......# ####.......#
....


You could see a cyclops, a friendly crocodile skeleton and 3 friendly yak
skeletons.

Vanquished Creatures
  A tengu warrior (D:10)
  A deep elf knight (D:12)
  2 unseen horrors
  An ugly thing (D:11)
  2 hill giants
  A cyclops (D:12)
  A komodo dragon (D:11)
  2 trolls
  A tengu conjurer (D:10)
  A deep elf mage (D:9)
  A slime creature (D:12)
  A trapdoor spider (D:12)
  25 yaks
  A wyvern (D:11)
  A hungry ghost (D:10)
  2 basilisks
  2 hippogriffs (D:11)
  A steam dragon (D:10)
  A vampire mosquito (D:12)
  A warg (D:11)
  A mottled dragon (D:10)
  A soldier ant (D:10)
  A water moccasin (D:9)
  6 sky beasts
  4 orc warriors
  2 wasps
  A phantom (D:10)
  9 ice beasts
  A necrophage (D:9)
  2 eyes of draining (D:10)
  6 ogres
  7 centaurs
  3 big kobolds
  9 giant frogs
  3 crocodiles
  A water moccasin zombie (D:7)
  A water moccasin skeleton (D:6)
  2 scorpions
  A giant frog zombie (D:12)
  5 crimson imps
  2 wights (D:9)
  3 centaur skeletons
  2 jellies
  4 orc priests
  7 orc wizards
  A gnoll shaman (D:4)
  11 hounds
  2 centaur zombies (D:10)
  A giant frog skeleton (D:10)
  Ijyb (D:2)
  A quasit (D:10)
  8 iguanas
  6 worker ants
  2 sheep (D:12)
  3 hound zombies
  A hound skeleton (D:8)
  6 gnolls
  4 worker ant zombies
  13 adders
  4 shadow imps
  3 oozes
  An adder skeleton (D:7)
  2 adder zombies
  4 worms
  3 giant geckos
  33 orcs
  5 ball pythons
  4 giant cockroaches
  13 goblins
  4 hobgoblins
  11 jackals
  2 quokkas (D:3)
  10 bats
  3 giant newts
  30 kobolds
  A quokka skeleton (D:5)
  A quokka zombie (D:10)
  6 rats
333 creatures vanquished.

Vanquished Creatures (collateral kills)
  An unseen horror (D:12)
  A hill giant (D:11)
  5 yaks
  A wraith (D:10)
  Edmund (D:4)
  3 wargs (D:11)
  An orc warrior (D:11)
  An ice beast (D:13)
  A centaur (D:11)
  3 phantoms
  A crocodile (D:13)
  A gnoll sergeant (D:9)
  3 wights (D:9)
  2 crimson imps
  A giant frog zombie (D:8)
  An iguana (D:11)
  An orc wizard (D:11)
  An adder (D:9)
  A gnoll (D:9)
  A giant gecko (D:3)
  3 orcs
  A ball python (D:6)
  A goblin (D:1)
  A hobgoblin (D:2)
  2 bats
  A giant cockroach (D:2)
  A kobold (D:7)
41 creatures vanquished.

Vanquished Creatures (others)
  A rat (D:2)
1 creature vanquished.

Grand Total: 375 creatures vanquished

Notes
Turn   | Place    | Note
--------------------------------------------------------------
     0 | D:1      | Romlok the Vine Stalker Necromancer began the quest for the Orb.
     0 | D:1      | Reached XP level 1. HP: 9/9 MP: 4/4
     2 | D:1      | Learned a level 1 spell: Animate Skeleton
   296 | D:1      | Reached XP level 2. HP: 14/14 MP: 4/6
   355 | D:1      | Reached skill level 1 in Fighting
   822 | D:1      | Reached XP level 3. HP: 12/18 MP: 0/7
  1363 | D:2      | Noticed Ijyb
  1380 | D:2      | Killed Ijyb
  1380 | D:2      | Reached XP level 4. HP: 5/23 MP: 0/9
  1803 | D:2      | Found a stormy altar of Qazlal.
  1925 | D:2      | Reached skill level 5 in Necromancy
  1925 | D:2      | Reached XP level 5. HP: 25/27 MP: 6/10
  2055 | D:3      | Learned a level 3 spell: Regeneration
  2059 | D:3      | Learned a level 3 spell: Vampiric Draining
  2218 | D:3      | Noticed SaintRoka's ghost (weakling NaAK)
  2704 | D:3      | Gained mutation: You are resistant to electric shocks. [potion of beneficial mutation]
  2916 | D:3      | Gained mutation: You heal very quickly. [Vine Stalker growth]
  2916 | D:3      | Reached XP level 6. HP: 29/32 MP: 10/12
  3115 | D:4      | Reached skill level 1 in Long Blades
  3317 | D:4      | Found an iron altar of Okawaru.
  3333 | D:4      | Became a worshipper of Warmaster Okawaru
  3646 | D:4      | Reached XP level 7. HP: 25/36 MP: 3/13
  3685 | D:4      | Noticed Edmund
  3759 | D:3      | Reached skill level 6 in Necromancy
  3944 | D:4      | Killed Edmund
  4092 | D:4      | Reached * piety under Okawaru
  4105 | D:4      | Found a deep blue altar of Sif Muna.
  4108 | D:4      | Your ally Edmund died
  4219 | D:5      | Entered Level 5 of the Dungeon
  4431 | D:5      | Found a staircase to the Ecumenical Temple.
  4439 | Temple   | Entered the Ecumenical Temple
  4568 | D:5      | Noticed Grinder
  4906 | D:5      | Gained mutation: You have razor-sharp teeth. [Vine Stalker growth]
  4906 | D:5      | Reached XP level 8. HP: 15/40 MP: 0/15
  5260 | D:6      | Found a white marble altar of Elyvilon.
  5334 | D:6      | Noticed SaintRoka's ghost (novice VSTm)
  5466 | D:6      | Found a glowing drain.
  5489 | Sewer    | Entered a sewer
  5755 | D:6      | Noticed an angel
  5756 | D:6      | Found a glowing silver altar of Zin.
  5907 | D:6      | Reached ** piety under Okawaru
  5907 | D:6      | Reached skill level 7 in Necromancy
  6090 | D:7      | Reached skill level 5 in Long Blades
  6271 | D:7      | Found a radiant altar of Vehumet.
  6393 | D:7      | Found Yfujeisewk's Assorted Antiques.
  6398 | D:7      | Got a clouded lead ring
  6434 | D:7      | Identified the ring "Yqowiy" {+Fly rF+} (You found it on level 7 of the Dungeon)
  6435 | D:7      | Lost mutation: You are resistant to electric shocks. [potion of cure mutation]
  6451 | D:7      | Reached XP level 9. HP: 35/44 MP: 16/16
  6494 | D:7      | Reached skill level 1 in Shields
  6648 | D:7      | Found Qock's General Store.
  6936 | D:8      | Found a shadowy altar of Dithmenos.
  7068 | D:8      | Found Ahogomypn's Jewellery Emporium.
  7108 | D:8      | Found a shattered altar of Ashenzari.
  7120 | D:8      | Reached *** piety under Okawaru
  7413 | D:8      | Found a glowing golden altar of the Shining One.
  7492 | D:8      | Bought an uncursed amulet of regeneration for 360 gold pieces
  7492 | D:8      | Bought a cursed ring of loudness for 54 gold pieces
  7563 | D:9      | Found a staircase to the Lair.
  7758 | D:9      | Found an ancient bone altar of Kikubaaqudgha.
  7758 | D:9      | Found a basalt altar of Yredelemnul.
  7852 | D:9      | Reached **** piety under Okawaru
  7852 | D:9      | Received a gift from Okawaru
  7893 | D:9      | Reached skill level 8 in Long Blades
  8008 | D:9      | Reached XP level 10. HP: 45/49 MP: 17/17
  8069 | D:9      | Found Wiumentuh's Antique Armour Shoppe.
  8071 | D:9      | Found a snail-covered altar of Cheibriados.
  8301 | D:9      | Reached skill level 5 in Dodging
  8304 | D:9      | Found a bloodstained altar of Trog.
  8378 | D:10     | Entered Level 10 of the Dungeon
  8612 | D:10     | Noticed Peloso's ghost (novice MiFi)
  8911 | D:10     | Killed an unseen horror
  8911 | D:10     | Reached skill level 9 in Long Blades
  8911 | D:10     | Reached skill level 5 in Shields
  8967 | D:10     | Noticed a tengu warrior
  8984 | D:10     | Killed a tengu warrior
  9038 | D:10     | Reached ***** piety under Okawaru
  9148 | D:10     | Reached skill level 10 in Long Blades
  9148 | D:10     | Reached XP level 11. HP: 52/52 MP: 18/18
  9164 | D:10     | Received a gift from Okawaru
  9171 | D:10     | Identified a +2 pair of boots of running (Okawaru gifted it to you on level 10 of the Dungeon)
 10448 | D:11     | Found a white marble altar of Elyvilon.
 10619 | D:11     | Reached skill level 11 in Long Blades
 10637 | D:11     | Found a staircase to the Orcish Mines.
 10689 | D:11     | Noticed a hill giant
 10699 | D:11     | Killed a hill giant
 10730 | D:11     | Noticed a hill giant
 10739 | D:11     | Killed a hill giant
 10793 | D:11     | Received a gift from Okawaru
 10954 | D:11     | Found Oshruq's Armour Shoppe.
 11262 | D:11     | Learned a level 4 spell: Control Undead
 11376 | D:12     | Reached skill level 1 in Invocations
 11438 | D:12     | Gained mutation: You regenerate. [Vine Stalker growth]
 11438 | D:12     | Reached XP level 12. HP: 25/56 MP: 5/19
 11637 | D:12     | Reached skill level 12 in Long Blades
 11745 | D:12     | Killed an unseen horror
 11844 | D:12     | Found a sparkling altar of Nemelex Xobeh.
 12018 | D:12     | Noticed a deep elf knight
 12018 | D:12     | Noticed a hill giant
 12040 | D:12     | Killed a deep elf knight
 12075 | D:12     | Killed a hill giant
 12144 | D:12     | Killed an unseen horror
 12388 | D:13     | Noticed a centaur warrior
 12461 | D:13     | Reached ****** piety under Okawaru
 12578 | D:13     | Hit by a large rock thrown by a cyclops

Action                   |  1- 3 |  4- 6 |  7- 9 | 10-12 || total
-------------------------+-------+-------+-------+-------++-------
Melee: Dagger            |    12 |       |       |       ||    12
       Hand axe          |    53 |   162 |    98 |       ||   313
       Spear             |       |       |    67 |    17 ||    84
       Short sword       |       |       |   218 |   552 ||   770
       Falchion          |       |       |       |   188 ||   188
Throw: Stone             |     8 |     3 |    21 |    12 ||    44
 Cast: Pain              |    29 |    50 |    47 |    97 ||   223
       Animate Skeleton  |    10 |    28 |    34 |    53 ||   125
       Vampiric Draining |       |     4 |     7 |    30 ||    41
       Regeneration      |       |       |     3 |     3 ||     6
Invok: Heroism           |       |       |       |     1 ||     1
Evoke: Wand              |       |       |       |     1 ||     1
  Use: Potion            |     3 |     5 |     6 |       ||    14
       Scroll            |     2 |     3 |     6 |     8 ||    19
 Stab: Sleeping          |     7 |     9 |    15 |    19 ||    50
       Distracted        |       |       |     1 |     6 ||     7
  Eat: Chunk             |    10 |    19 |    13 |    17 ||    59
